 Dungeon Crawl Stone Soup version 0.25.0-37-gb73750e0fb (console) character file.

Game seed: 6505128996385686918

2482 Garrluk the Slinger (level 9, 0/61 (62) HPs)
             Began as a Halfling Hunter on July 8, 2020.
             Was an Initiate of Okawaru.
             Shot with a sling bullet by Joseph (14 damage)
             ... on level 8 of the Dungeon.
             The game lasted 00:40:35 (6837 turns).

Garrluk the Slinger (Halfling Hunter)               Turns: 6837, Time: 00:40:36

HP:   0/61 (62)     AC: 14    Str: 16    XL:     9   Next: 81%
MP:   9/9           EV: 16    Int:  9    God:    Okawaru [......]
Gold: 136           SH:  0    Dex: 15    Spells: 8/8 levels left

rFire    . . .     SeeInvis +   a - +1 hunting sling
rCold    . . .     Gourm    .   (shield restricted)
rNeg     . . .     Faith    .   H - +0 chain mail (curse)
rPois    .         Spirit   .   M - +2 helmet {SInv}
rElec    .         Reflect  .   y - +0 cloak
rCorr    .         Harm     .   I - +0 pair of gloves
MR       .....                  (no boots)
Stlth    ..........             (no amulet)
HPRegen  0.20/turn              k - ring of attention (curse)
MPRegen  0.11/turn              g - +4 ring of evasion

@: no status effects
A: small, mutation resistance 1
a: Renounce Religion


You were on level 8 of the Dungeon.
You worshipped Okawaru.
Okawaru was noncommittal.
You were not hungry.

You visited 2 branches of the dungeon, and saw 9 of its levels.

You collected 458 gold pieces.
You spent 322 gold pieces at shops.

Inventory:

Hand Weapons
 a - a +1 hunting sling (weapon)
 b - a +1 short sword of venom
 A - a +0 club
Missiles
 d - 30 sling bullets
 e - 228 stones
 s - 17 poisoned darts
 z - a curare-tipped dart (quivered)
Armour
 p - a +0 plate armour
 y - a +0 cloak (worn)
 H - a cursed +0 chain mail (worn)
 I - a +0 pair of gloves (worn)
 M - a +2 helmet of see invisible (worn)
Jewellery
 g - a +4 ring of evasion (right hand)
 k - a cursed ring of attention (left hand)
 w - an uncursed ring of flight
 J - an uncursed ring of stealth
Wands
 B - a wand of flame (32)
 E - a wand of random effects (14)
 K - a wand of paralysis (9)
Scrolls
 c - 4 scrolls of immolation {unknown}
 l - 4 scrolls of fear {unknown}
 m - a scroll of noise {unknown}
 o - 13 scrolls of identify {unknown}
 r - 7 scrolls of teleportation {unknown}
 v - a scroll of enchant weapon {unknown}
 F - 3 scrolls of remove curse {unknown}
 G - a scroll of amnesia {unknown}
Potions
 h - 5 potions of might
 i - 3 potions of stabbing {unknown}
 j - 2 potions of haste {unknown}
 n - 2 potions of heal wounds {unknown}
 q - a potion of flight {unknown}
 u - a potion of lignification
 x - 3 potions of brilliance {unknown}
 C - a potion of mutation {unknown}
 D - 2 potions of resistance {unknown}
 L - a potion of ambrosia {unknown}
 N - a potion of invisibility {unknown}
Comestibles
 f - 17 rations
 t - 4 chunks of flesh


   Skills:
 + Level 5.9 Fighting
 * Level 13.4 Slings
 + Level 2.7 Armour
 - Level 6.4 Dodging
 - Level 1.1 Stealth


You had 8 spell levels left.
You didn't know any spells.
Your spell library contained the following spells:

 Spells                   Type           Power        Failure   Level  Hunger
 Animate Skeleton         Necr           N/A          100%        1    ##.....
 Pain                     Necr           #...         100%        1    ##.....
 Vampiric Draining        Necr           #.........   100%        3    ####...
 Animate Dead             Necr           N/A          100%        4    #####..
 Agony                    Necr           #.......     100%        5    ######.


Dungeon Overview and Level Annotations

Branches:
Dungeon (8/15)             Temple (1/1) D:7
   Lair: D:8-11

Altars:
Cheibriados
Dithmenos
Elyvilon
Fedhas
Gozag
Hepliaklqana
Kikubaaqudgha
Makhleb
Nemelex Xobeh
Okawaru
Ru
Sif Muna
Trog
Uskayaw
Vehumet
Wu Jian
Xom
Yredelemnul
Zin
The Shining One

Shops:
D:6 (([

Annotations:
D:4 exclusion: statue
D:8 Joseph


Innate Abilities, Weirdness & Mutations

You are small and have problems with some larger weapons.
You are somewhat resistant to further mutation.


Message History

Joseph is heavily wounded.
The hippogriff is no longer moving slowly.
Joseph shoots a sling bullet.
The sling bullet hits you!
* * * LOW HITPOINT WARNING * * *
Throwing (i - inventory. (/) - cycle)
z - 3 curare-tipped darts (quivered)
Press: ? - help, Shift-Dir - straight line, f/p - Joseph
Aim: Joseph, wielding a +6 hunting sling, wearing a +0 leather armour, quivering 18 sling bullets and carrying a wand of clouds (7) (heavily wounded)
You throw a curare-tipped dart.
The curare-tipped dart hits the hippogriff.
The hippogriff looks even sicker.
The hippogriff convulses.
You kill the hippogriff!
Okawaru accepts your kill.
Throwing (i - inventory. (/) - cycle)
z - 2 curare-tipped darts (quivered)
Press: ? - help, Shift-Dir - straight line, f/p - Joseph
Aim: Joseph, wielding a +6 hunting sling, wearing a +0 leather armour, quivering 18 sling bullets and carrying a wand of clouds (7) (heavily wounded)
You throw a curare-tipped dart. The curare-tipped dart hits Joseph.
Joseph is poisoned.
Joseph convulses.
Joseph seems to slow down.
Joseph is severely wounded.
Joseph shoots a sling bullet.
The sling bullet hits you!
You die...

.............
..?.........
..........H....
.......... ....
@...(.(.. ..## ......(.#
...# .....@.(## #..
.......@.####.#
..........(.#.##
.........##.(..## .##
.........####.@.####....
.........# #.#......###
.......[## #...<.......
#......## ######.##.##
####### #


You could see Joseph (very poisoned, slow).

Vanquished Creatures
  A hippogriff (D:8)
  Sigmund (D:3)
  2 necrophages (D:7)
  2 sky beasts
  A centaur (D:5)
  An ogre (D:7)
  3 big kobolds
  A bullfrog (D:6)
  2 scorpions
  6 killer bees (D:7)
  A wight (D:7)
  A howler monkey (D:6)
  2 crimson imps
  A bullfrog zombie (D:5)
  An orc priest (D:6)
  2 jellies
  An orc wizard (D:4)
  A bullfrog skeleton (D:5)
  A hound (D:6)
  5 human zombies (D:7)
  An iguana (D:4)
  2 human skeletons (D:7)
  6 worker ants
  A hound zombie (D:5)
  3 hound skeletons
  3 mummies
  2 adders
  3 shadow imps
  4 adder skeletons
  A worm (D:3)
  3 dart slugs
  7 leopard geckos
  11 orcs
  2 ball pythons
  7 giant cockroaches
  2 gnoll zombies (D:5)
  5 goblins
  6 hobgoblins
  15 jackals
  22 kobolds
  5 quokkas
  5 bats
  3 frilled lizards (D:1)
  A hobgoblin zombie (D:6)
  A jackal zombie (D:6)
  A kobold zombie (D:6)
  A leopard gecko skeleton (D:4)
  2 leopard gecko zombies
  An orc zombie (D:6)
  10 rats
172 creatures vanquished.

Notes
Turn   | Place    | Note
-------+----------+-------------------------------------------
     0 | D:1      | Garrluk the Halfling Hunter began the quest for the Orb.
     0 | D:1      | Reached XP level 1. HP: 14/14 MP: 1/1
    77 | D:1      | Reached skill level 6 in Slings
    82 | D:1      | Reached XP level 2. HP: 19/19 MP: 2/2
   301 | D:1      | Reached XP level 3. HP: 24/24 MP: 3/3
   979 | D:2      | Found a blossoming altar of Fedhas.
  1122 | D:2      | Reached XP level 4. HP: 29/29 MP: 4/4
  1490 | D:2      | Found a sparkling altar of Nemelex Xobeh.
  1580 | D:2      | Reached skill level 7 in Slings
  1974 | D:3      | Noticed Sigmund
  1986 | D:3      | Killed Sigmund
  1986 | D:3      | Reached skill level 8 in Slings
  1986 | D:3      | Reached XP level 5. HP: 36/36 MP: 5/5
  1986 | D:3      | Reached XP level 6. HP: 42/42 MP: 6/6
  2434 | D:3      | Found a snail-covered altar of Cheibriados.
  2435 | D:3      | Found a bloodstained altar of Trog.
  2671 | D:4      | Found an ornate altar of the Wu Jian Council.
  2865 | D:4      | Found a radiant altar of Vehumet.
  3002 | D:4      | Reached skill level 9 in Slings
  3002 | D:4      | Reached XP level 7. HP: 45/46 MP: 7/7
  3744 | D:5      | Entered Level 5 of the Dungeon
  3968 | D:5      | Found a blossoming altar of Fedhas.
  4007 | D:5      | Found a basalt altar of Yredelemnul.
  4122 | D:5      | Reached skill level 10 in Slings
  4197 | D:5      | Reached skill level 5 in Dodging
  4197 | D:5      | Reached XP level 8. HP: 28/54 MP: 8/8
  4716 | D:6      | Found Wetsopt's Weapon Shoppe.
  4793 | D:6      | Reached skill level 11 in Slings
  4953 | D:6      | Found Dunoqu's Antique Weapon Shop.
  5150 | D:6      | Found Kodomnih's Armour Emporium.
  5179 | D:6      | Bought a +2 helmet of see invisible for 322 gold pieces
  5592 | D:7      | Reached skill level 5 in Fighting
  5592 | D:7      | Reached XP level 9. HP: 61/61 MP: 9/9
  5655 | D:7      | Found a sparkling altar of Nemelex Xobeh.
  5773 | D:7      | Found a glowing golden altar of the Shining One.
  5790 | D:7      | Reached skill level 12 in Slings
  5963 | D:7      | Reached skill level 1 in Armour
  6176 | D:7      | Found an ancient bone altar of Kikubaaqudgha.
  6357 | D:7      | Found a staircase to the Ecumenical Temple.
  6371 | Temple   | Entered the Ecumenical Temple
  6413 | Temple   | Became a worshipper of Warmaster Okawaru
  6540 | D:7      | Reached skill level 13 in Slings
  6546 | D:7      | Noticed a +0 hand axe
  6550 | D:7      | Noticed a +0 hand axe
  6552 | D:7      | Found a hide-covered altar of Uskayaw.
  6814 | D:8      | Noticed Joseph
  6815 | D:8      | Noticed a hippogriff
  6836 | D:8      | Killed a hippogriff
  6837 | D:8      | Shot with a sling bullet by Joseph

Illustrated notes

Levels and vault maps discovered:
D:1:      evilmike_arrival_hilbert_curve, layout_loops_ring
D:2:      layout_basic, nicolae_overflow_hidden_temple, first_ration,
          nemelex_lonely_heart_becter
D:3:      layout_loops_corners, gammafunk_temple_overflow_statue, uniq_sigmund
D:4:      cheibrodos_thug_alley, layout_loops_ring, lemuel_round_altar,
          vehumet_statue
D:5:      minmay_diamond_boxcup, layout_basic, lemuel_zombie_altar_yredelemnul,
          fedhas_altar_2
D:6:      cheibrodos_quashed, layout_basic, serial_shops, shop,
          kennysheep_mini_moat, shop, minmay_mini_ossuary
D:7:      layout_basic, lemuel_mausoleum_altar_kikubaaqudgha,
          dancing_weapons_uskayaw, lemuel_crystal_altar,
          minmay_temple_entry_overgrown, basic_altar
D:8:      layout_rooms, nicolae_qazlal_eye_of_the_storm,
          evilmike_ruin_ashenzari, palyth_stone_intersect, uniq_joseph
Temple:   jpeg_temple_alley_garden

Skill      XL: |  1  2  3  4  5  6  7  8  9 |
---------------+----------------------------+-----
Slings         | 6 8 9 10 11 13 | 13.4
Fighting       | 2 3 4 5 |  5.9
Dodging        | 3 4 5 6 |  6.4
Armour         | 2 |  2.7
Stealth        | |  1.1

Action                   |  1- 3 |  4- 6 |  7- 9 || total
-------------------------+-------+-------+-------++-------
Melee: Short sword       |     2 |       |    17 ||    19
 Fire: Hunting sling     |   103 |   128 |   346 ||   577
Throw: Dart              |     3 |    15 |    89 ||   107
       Boomerang         |       |       |    42 ||    42
Evoke: Wand              |       |       |     8 ||     8
  Use: Potion            |     1 |       |       ||     1
  Eat: Chunk             |       |     6 |    11 ||    17
Armor: Leather armour    |     5 |       |       ||     5
       Scale mail        |     4 |     6 |     8 ||    18
       Chain mail        |       |       |    45 ||    45
Dodge: Dodged            |    38 |    29 |   186 ||   253
